AoeStats
← 高兴就好

Lombardia

509578325Analyzed
4v4 RM · 5d ago on Sep 27, 2026· 38m 48s· 8 players
Game mode
Random Map
Map size
Large (8 player)
Population
200
Speed
Normal
Resources
Standard
Victory
Conquest
Starting age
Dark Age
Ending age
Imperial Age
RankedLock teamsTeams togetherTeam positionsShared explorationLock speedFull tech treeHidden civsTurbo modeCheats
Victory
Defeat
🇮🇳 Persians · India
1231
+15
🇨🇳 Poles · China
1225
+15
1216
+15
🇬🇧 Sicilians · United Kingdom
1212
+16
🇦🇺 Maya · Australia
1248
-18
🇲🇽 Aztecs · Mexico
1230
-16
🇮🇳 Magyars · India
1178
-14
🇹🇼 Gurjaras · Taiwan
1160
-13
4Tapping
10:39 Feudal Age
14:02 Loom
16:19 Castle Age
15:00 Double-Bit Axe
14:56 Horse Collar
18:52 Heavy Plow
19:03 Bow Saw
20:52 Loom
21:53 Stone Mining
21:54 Gold Mining
23:38 Wheelbarrow
24:09 Gold Shaft Mining
25:17 Hand Cart
29:41 Imperial Age
26:59 Town Watch
29:08 Stone Shaft Mining
30:59 Crop Rotation
31:33 Chemistry
31:38 Forging
31:28 Scale Mail Armor
31:36 Murder Holes
31:05 Elite Serjeant
32:06 Conscription
31:32 Capped Ram
32:56 Iron Casting
33:17 Chain Mail Armor
32:32 Siege Ram
34:41 Blast Furnace
37:04 Town Patrol
等我百转还爱你
9:44 Feudal Age
10:16 Double-Bit Axe
14:14 Loom
19:40 Fletching
19:50 Padded Archer Armor
22:12 Castle Age
23:09 Thumb Ring
22:26 Crossbowman
23:32 Bodkin Arrow
26:09 Bow Saw
27:08 Padded Archer Armor
28:40 Elite Skirmisher
30:02 Leather Archer Armor
32:29 Ballistics
37:51 Imperial Age
37:58 Arbalester
39:17 Bracer
高兴就好
11:05 Feudal Age
12:11 Double-Bit Axe
15:04 Castle Age
12:46 Horse Collar
15:41 Heavy Plow
19:47 Loom
22:26 Wheelbarrow
22:12 Bow Saw
24:24 Hand Cart
29:26 Imperial Age
27:33 Scale Barding Armor
27:39 Forging
28:36 Chain Barding Armor
28:09 Gold Mining
28:11 Stone Mining
29:40 Iron Casting
29:50 Bloodlines
29:41 Husbandry
30:25 Gold Shaft Mining
30:30 Stone Shaft Mining
29:17 Cavalier
30:19 Conscription
31:34 Plate Barding Armor
30:49 Savar
32:30 Blast Furnace
32:49 Chemistry
32:57 Hoardings
33:35 Two-Man Saw
33:14 Crop Rotation
33:56 Guilds
33:45 Fletching
legend
10:36 Feudal Age
11:56 Loom
14:55 Castle Age
16:57 Double-Bit Axe
18:38 Horse Collar
22:25 Bow Saw
23:34 Wheelbarrow
22:59 Gold Mining
27:30 Imperial Age
25:41 Heavy Plow
25:49 Scale Barding Armor
25:55 Forging
26:08 Stone Mining
27:13 Scale Mail Armor
27:34 Chain Barding Armor
27:14 Scale Mail Armor
27:34 Chain Barding Armor
28:36 Bloodlines
28:26 Husbandry
27:47 Cavalier
29:35 Szlachta Privileges
29:51 Conscription
30:11 Iron Casting
29:54 Hand Cart
30:44 Stone Shaft Mining
32:54 Crop Rotation
shaunfowler1995
0:37 Loom
10:43 Feudal Age
11:34 Double-Bit Axe
13:41 Gold Mining
13:48 Fletching
13:59 Padded Archer Armor
22:28 Castle Age
22:34 Crossbowman
23:19 Thumb Ring
23:35 Bodkin Arrow
23:56 Leather Archer Armor
24:20 Bow Saw
25:19 Horse Collar
26:06 Ballistics
27:47 Wheelbarrow
29:44 Hand Cart
30:28 Stone Mining
30:50 Town Watch
33:07 Town Patrol
37:32 Imperial Age
excboom
2:21 Loom
11:16 Feudal Age
12:21 Double-Bit Axe
12:18 Horse Collar
18:06 Castle Age
16:24 Stone Mining
16:58 Gold Mining
18:23 Wheelbarrow
18:59 Bow Saw
19:03 Heavy Plow
19:13 Scale Barding Armor
19:48 Forging
20:31 Town Watch
23:09 Hand Cart
28:39 Caravan
33:15 Imperial Age
30:57 Husbandry
31:09 Bloodlines
31:20 Masonry
32:48 Iron Casting
32:48 Coinage
32:40 Chain Barding Armor
31:58 Light Cavalry
33:08 Scale Mail Armor
33:48 Fortified Wall
33:37 Heavy Camel Rider
35:13 Gold Shaft Mining
37:42 Hoardings
b² - 4ac
12:56 Feudal Age
17:22 Castle Age
16:43 Double-Bit Axe
19:07 Wheelbarrow
24:02 Bow Saw
25:49 Hand Cart
28:35 Loom
34:24 Imperial Age
32:22 Town Watch
33:41 Pikeman
34:22 Squires
35:28 Garland Wars
35:00 Gambesons
37:00 Scale Mail Armor
37:10 Forging
Butcher
8:36 Loom
11:00 Feudal Age
17:32 Castle Age
15:44 Double-Bit Axe
17:17 Bloodlines
17:08 Gold Mining
17:03 Horse Collar
18:57 Fletching
20:14 Bow Saw
28:29 Wheelbarrow
32:43 Ballistics
32:26 Husbandry
32:40 Thumb Ring
32:58 Hand Cart
32:46 Heavy Plow
36:34 Imperial Age
36:16 Corvinian Army
36:51 Heavy Cavalry Archer
Connection lost

Rejoining the realm…

Still unreachable

The connection could not be restored.

Session expired

The server has moved on; the page needs a fresh start.